[Event "Early-Titled-Tuesday-Blitz-April-02-2024"]
[Site "Chess.com"]
[Date "2024.04.02"]
[Round "7"]
[White "Lukianoo"]
[Black "Durarbayli"]
[Result "1-0"]
[WhiteElo "2831"]
[BlackElo "2928"]
[TimeControl "180+1"]
[EndTime "9:18:29 PDT"]
[Termination "Lukianoo won by resignation"]

1. e4 e6 2. d4 d5 3. e5 c5 4. c3 Nc6 5. Nf3 Bd7 6. Be2 Nge7 7.
O-O Nf5 8. g4 Nh4 9. Nxh4 Qxh4 10. f4 Qd8 11. Be3 Qb6 12. Na3 cxd4 13. cxd4 a6 14.
Nc2 f5 15. gxf5 exf5 16. Rb1 Nd8 17. Bf3 Bc6 18. b4 Ne6 19. a4 Bxa4 20. Bxd5 Rc8 21. Rb2 Be7 22. Ba2 Nc7 23. d5 Qg6+ 24. Kh1 Rd8 25. b5 Bxb5 26. Rg1 Nxd5 27. Rxg6 Nxe3 28. Qxd8+ Kxd8 29. Rxg7 Bc6+ 30. Kg1 Nd1 31. Rb1 Bc5+ 32. Kf1 Nc3 33. Ra1 Kc8 34. Be6+ Kb8 35. Rg8+ Rxg8 36. Bxg8 h6 37. Bh7 Be4 38. Ne1 Nd5 39. Rc1 Be3 40. Rd1 Bxf4 41. Bxf5 Ne3+ 42. Ke2 Bxf5 43. Rd8+ Kc7 44.
Rf8 Bg4+ 45. Kd3 Nd5 46. Ke4 Bxe5 47. Kxe5 Nb4 48. Rf4 Nc6+ 49. Kd5 h5 50. Nd3 Kb6 51. Kd6 a5 52. Nc5 Na7 53. Rf7 Nb5+ 54. Kd5 Nc7+ 55. Kd6 Nb5+ 56. Kd5 Nc7+ 57. Kd4 Ne6+ 58. Nxe6 Bxe6 59.
Rf6 Kb5 60. Rxe6 Kb4 61. Kd3 b5 62. Kc2 a4 63. Kb2 1-0

[Event "Early-Titled-Tuesday-Blitz-April-02-2024"]
[Site "Chess.com"]
[Date "2024.04.02"]
[Round "7"]
[White "GoltsevDmitry2000"]
[Black "Anton_Demchenko"]
[Result "1-0"]
[WhiteElo "2833"]
[BlackElo "2963"]
[TimeControl "180+1"]
[EndTime "9:18:30 PDT"]
[Termination "GoltsevDmitry2000 won by resignation"]

1. e4 e5 2. Nf3 Nc6 3. Bb5 a6 4.
Ba4 Nge7 5. O-O Ng6 6. c3 d6 7. d4 Bd7 8. dxe5 dxe5 9. Be3 Bd6 10. Nbd2 O-O 11. Bb3 b5 12. a4 Rb8 13. axb5 axb5 14. Ng5 h6 15. Qh5 Qf6 16. Ngf3 Nf4 17. Bxf4 Qxf4 18. h3 Ne7 19. Rfd1 g6 20. Qh4 Qxh4 21.
Nxh4 Kg7 22. Nhf3 Nc8 23. Nf1 Nb6 24. Ne3 Ra8 25. Nd5 Rxa1 26. Rxa1 Na4 27. Ra2 Rb8 28. Nd2 Nc5 29. Bc2 Be6 30. b4 Nd7 31. Ra7 c5 32. Bb3 c4 33. Bd1 Bxd5 34. Rxd7 Bxb4 35. cxb4 Be6 36. Rd6 Ra8 37. Kf1 Ra1 38. Ke2 c3 39.
Nb3 Bc4+ 40. Ke3 Ra3 41. Rc6 f5 42. exf5 gxf5 43. g3 h5 44. h4 Kf8 45. Rc5 Kg7 46.
f4 e4 47. Kd4 Ra2 48. Rc7+ Kf6 49. Rc6+ Kg7 50. Kxc3 Rg2 51. Nd4 Rxg3+ 52. Kc2 Rd3 53. Nxf5+ Kf8 54. Bxh5 Rd8 55. Rh6 Bg8 56. Rf6+ Bf7 57.
Rxf7+ Kg8 1-0

[Event "Early-Titled-Tuesday-Blitz-April-02-2024"]
[Site "Chess.com"]
[Date "2024.04.02"]
[Round "7"]
[White "jumpingknight20"]
[Black "stollenmonster"]
[Result "1-0"]
[WhiteElo "2704"]
[BlackElo "2890"]
[TimeControl "180+1"]
[EndTime "9:18:31 PDT"]
[Termination "jumpingknight20 won by checkmate"]

1. e4 c5 2. c3 Nf6 3. e5 Nd5 4. d4 cxd4 5. cxd4 Nc6 6. Nf3 g6 7. Bc4 Nb6 8. Bb3 Bg7 9. O-O O-O 10. h3 d6 11. Bf4 Bf5 12. exd6 exd6 13. Nc3 Na5 14.
Bc2 Bxc2 15. Qxc2 Rc8 16. Rfe1 Nd5 17. Bg5 Qd7 18. Rac1 h6 19. Bh4 Nxc3 20. bxc3 Rfe8 21. Rxe8+ Rxe8 22. Bg3 Nc4 23. Qb3 d5 24. Rb1 b6 25.
Qb5 Qd8 26. Re1 Rxe1+ 27. Nxe1 Nd2 28. f3 Qe7 29. Qxd5 Qe2 30. Qa8+ Kh7 31. Qxa7 Nf1 32. Qc7 Nd2 33. Qxb6 Qf1+ 34. Kh2 Qe2 35. Qc7 h5 36. h4 Kg8 37. Qb8+ Kh7 38. Qf4 Nf1+ 39. Kg1 Nd2 40. a4 Qf1+ 41. Kh2 Qe2 42. a5 Kg8 43. Qb8+ Kh7 44. Qc7 Kg8 45. Kg1 Qf1+ 46.
Kh2 Qe2 47. Qf4 Bf8 48. Qe5 Qc4 49. d5 Bg7 50. Qe8+ Kh7 51. d6 Nf1+ 52. Kh3 Nd2 53. d7 Qf1 54. d8=Q Qh1+ 55. Bh2 Nf1 56. Qg8+ Kh6 57.
Qg5# 1-0

[Event "Early-Titled-Tuesday-Blitz-April-02-2024"]
[Site "Chess.com"]
[Date "2024.04.02"]
[Round "7"]
[White "Cheer_Down"]
[Black "MarkusRagger"]
[Result "1-0"]
[WhiteElo "2470"]
[BlackElo "2706"]
[TimeControl "180+1"]
[EndTime "9:18:31 PDT"]
[Termination "Cheer_Down won by resignation"]

1. e4 e5 2. Nf3 Nc6 3. Bc4 Nf6 4. d3 d5 5. exd5 Nxd5 6. O-O Nb6 7. Bb5 Bd6 8. Re1 f6 9. d4 O-O 10. Bxc6 bxc6 11.
dxe5 fxe5 12. Ng5 Bf5 13. Nc3 Bb4 14. Qe2 h6 15. Nge4 Bxe4 16. Qxe4 Qf6 17. Be3 Bxc3 18. bxc3 Nd5 19. Bc5 Rf7 20. c4 Nb6 21. Qxe5 Qxe5 22. Rxe5 Nd7 23. Rae1 Nxe5 24. Rxe5 Rd8 25. g3 Rd2 26. Bxa7 Rxc2 27. a4 Rxc4 28. a5 Ra4 29. Be3 Rd7 30. Rc5 Kf7 31. Kg2 Ke7 32. h4 Kd8 33.
Kf3 Rd5 34. Rxc6 Raxa5 35. Rg6 Rd7 36. g4 Rad5 37. Rc6 R7d6 38. Rc4 Kd7 39. g5 hxg5 40. hxg5 Rc6 41. Rf4 Ke6 42. Ra4 Rc3 43. Kg4 Kf7 44. Ra7 Kg6 45. Ra6+ Rd6 46. Ra7 Rdc6 47. Ra8 R6c4+ 48.
Kf3 Rb3 49. Rc8 Rc5 50. Kg4 Rc4+ 51. Kf3 Rb5 52. Rg8 Rf5+ 53. Kg3 Rf7 54. Rc8 Re7 55.
Bf4 Kf5 56. Be3 Rc3 57. Rf8+ Kg6 58. Rc8 Re4 59. Kf3 Ra4 60. Kg3 c5 61. Rc6+ Kf5 62. Rc7 Rg4+ 63. Kf3 Rxg5 64. Rxc5+ Rxc5 65. Bxc5 Rg4 66. Be3 Ra4 67. Bb6 Ra3+ 68. Kg2 Kg4 69. Bc5 g6 70.
Bxa3 g5 71. Bb2 Kh4 72. Bd4 Kg4 73. Be3 1-0

[Event "Early-Titled-Tuesday-Blitz-April-02-2024"]
[Site "Chess.com"]
[Date "2024.04.02"]
[Round "7"]
[White "Baku_Boulevard"]
[Black "superchess02"]
[Result "1-0"]
[WhiteElo "3040"]
[BlackElo "2855"]
[TimeControl "180+1"]
[EndTime "9:18:32 PDT"]
[Termination "Baku_Boulevard won by checkmate"]

1. e4 c5 2. Nf3 d6 3. Nc3 Nf6 4.
e5 dxe5 5. Nxe5 e6 6. Bb5+ Nbd7 7.
d4 a6 8. Bxd7+ Bxd7 9. Bg5 Be7 10. O-O h6 11. Bh4 Rc8 12. Bxf6 gxf6 13. Nxd7 Qxd7 14. d5 h5 15. dxe6 fxe6 16. Qe2 Kf7 17. Rfe1 Qc6 18. Rad1 Rcg8 19. Ne4 f5 20. Nd6+ Kf8 21. g3 Rg6 22. Nxf5 h4 23. Qe5 Rhg8 24. Nxe7 Kxe7 25. Qe4 hxg3 26.
fxg3 Qc7 27. Re3 c4 28. Rf1 Qb6 29. Kg2 Qxb2 30. Qxc4 Qb6 31. Rb3 Qc6+ 32. Qxc6 bxc6 33. Rb6 e5 34. Rxa6 Rd6 35. Rf2 Ke6 36. Re2 Re8 37. c4 Kf5 38. c5 Rg6 39. Ra7 e4 40. Rf7+ Ke5 41. Rd7 Rge6 42. h4 Ra8 43. h5 Ra5 44. Rd6 Rxd6 45. cxd6 Kxd6 46. g4 Kd5 47. Kg3 Kd4 48. Kf4 Kd3 49. Re3+ Kd2 50. Rxe4 Rxa2 51. h6 c5 52. h7 Ra8 53. g5 Kd3 54. Re7 Rf8+ 55.
Kg4 c4 56. g6 c3 57. Rd7+ Ke2 58. Rc7 Kd2 59. g7 Rd8 60. g8=Q Rxg8+ 61. hxg8=Q c2 62.
Qd5+ Kc1 63. Qd4 Kb1 64. Rb7+ Kc1 65. Qe3+ Kd1 66. Rd7# 1-0

[Event "Early-Titled-Tuesday-Blitz-April-02-2024"]
[Site "Chess.com"]
[Date "2024.04.02"]
[Round "7"]
[White "dealshark"]
[Black "Licancabur"]
[Result "1-0"]
[WhiteElo "2323"]
[BlackElo "2466"]
[TimeControl "180+1"]
[EndTime "9:18:34 PDT"]
[Termination "dealshark won on time"]

1. Nf3 d5 2. e3 Nf6 3. c4 c6 4.
Nc3 Bg4 5. Qb3 Qb6 6. Qxb6 axb6 7. cxd5 Nxd5 8. Nxd5 cxd5 9. Ne5 Bd7 10. d4 Nc6 11. Nxd7 Kxd7 12. a3 e6 13. Bd3 Bd6 14. Bd2 Na5 15.
Bb5+ Ke7 16. Rc1 Rhc8 17. Ke2 Nb3 18. Rc3 Rxc3 19. Bxc3 Rc8 20. Kd3 f6 21. Ba4 Na5 22. Rc1 Nc4 23. Bd1 e5 24. dxe5 fxe5 25. Bg4 Rc7 26.
e4 dxe4+ 27. Kxe4 g6 28. Be2 b5 29. g3 Rc8 30. f4 exf4 31. gxf4 Kf7 32. Kd5 Bxf4 33.
Rf1 Ne3+ 34. Ke4 Nxf1 35. Kxf4 Re8 36. Bxf1 Kg8 37. Bxb5 Rf8+ 38. Kg3 Rc8 39. Bd3 Kf7 40. Kf4 h6 41. Be4 Rc7 42. Bd5+ Kf8 43. Bb4+ Kg7 44.
Bc3+ Kf8 45. Be4 Rf7+ 46. Ke3 g5 47. Bb4+ Kg7 48. Bc3+ Kf8 49. Bd5 Re7+ 50. Kf3 Rf7+ 51. Bxf7 Kxf7 52. Kg4 Kg6 53. h4 h5+ 54. Kg3 g4 55. b4 Kf5 56. a4 Ke6 57. Kf4 Kd5 58.
Be1 Kc4 59. a5 Kb5 60. Kg5 g3 61. Bxg3 Kxb4 62. Be1+ 1-0

[Event "Early-Titled-Tuesday-Blitz-April-02-2024"]
[Site "Chess.com"]
[Date "2024.04.02"]
[Round "7"]
[White "Tonychess32"]
[Black "Matibar"]
[Result "0-1"]
[WhiteElo "2549"]
[BlackElo "2737"]
[TimeControl "180+1"]
[EndTime "9:18:36 PDT"]
[Termination "Matibar won on time"]

1. d4 f5 2. g3 Nf6 3. Bg2 g6 4. Nc3 Bg7 5. e4 fxe4 6. Nxe4 Nxe4 7. Bxe4 d5 8. Bg2 Nc6 9. Nf3 O-O 10. h3 Bf5 11. c3 Qd7 12. Bf4 Be4 13. O-O Rxf4 14. gxf4 Rf8 15. Ne5 Nxe5 16. fxe5 Rf4 17. f3 Bf5 18. Kh2 g5 19. Qe2 e6 20. Rg1 h6 21.
b3 c5 22. dxc5 Qc7 23. Rge1 Qxc5 24. Qe3 Qc7 25. Rad1 Bf8 26. b4 Rc4 27. Rc1 b6 28.
Bf1 Rh4 29. Rcd1 Qf7 30. Rd4 Qh5 31. Rxh4 Qxh4 32. Rd1 Bg7 33. Rd4 Qh5 34. Bg2 Qf7 35. f4 g4 36. Qg3 h5 37. hxg4 hxg4 38. Qh4 Qc7 39. c4 Bxe5 40. Qg5+ Qg7 41. Qxg7+ Bxg7 42. Rd1 dxc4 43. Rd8+ Kh7 44. Rc8 Bd3 45. Kg1 Kg6 46.
Bf1 Bd4+ 47. Kg2 Be4+ 48. Kg3 c3 49. a4 c2 50. Be2 Be3 51. Bxg4 c1=Q 52. Rxc1 Bxc1 53.
Bxe6 Kf6 54. Bc4 Bd2 55. a5 Bxb4 56. axb6 axb6 57. Kf2 Bc5+ 58. Ke2 Kf5 59. Kd2 Kxf4 60. Kc3 Ke5 61. Bf1 Bd5 62. Be2 Bd4+ 63. Kb4 Kd6 64. Bd3 Bc5+ 65. Kb5 Bc6+ 66. Ka6 Kc7 67. Be2 Bd7 68. Bf1 Kd6 69. Be2 Ke5 70. Bf1 Kd4 71. Be2 Bf5 0-1

[Event "Early-Titled-Tuesday-Blitz-April-02-2024"]
[Site "Chess.com"]
[Date "2024.04.02"]
[Round "7"]
[White "Elegance_Riks"]
[Black "Kazmin_Semyon"]
[Result "1-0"]
[WhiteElo "2783"]
[BlackElo "2604"]
[TimeControl "180+1"]
[EndTime "9:18:37 PDT"]
[Termination "Elegance_Riks won on time"]

1. Nf3 Nf6 2. c4 g6 3. g3 Bg7 4. Bg2 O-O 5. O-O d6 6. d4 Nc6 7. Nc3 a6 8. Bf4 Rb8 9. Rc1 e6 10. Qd2 Re8 11. Bh6 Bh8 12. Bg5 Bd7 13. Rfd1 b5 14.
cxb5 axb5 15. d5 Na5 16. Qc2 e5 17. Ne4 Rb7 18. b3 Bg7 19. h3 Ra7 20. Nfd2 Qe7 21.
b4 Nc4 22. Nxc4 bxc4 23. Qxc4 Rb8 24. Rd2 Bb5 25. Qb3 Rba8 26. Qf3 Nxe4 27. Bxe7 Nxd2 28. Qc3 Nc4 29. Bf1 Nb6 30. e4 Bxf1 31. Kxf1 Bh6 32. Rc2 Re8 33. Bf6 Nd7 34. Bh4 g5 35. Qe3 Rea8 36.
Bxg5 Ra3 37. Bxh6 Rxe3 38. Bxe3 Nf6 39. f3 Ra3 40. Kf2 Ne8 41. h4 Ra4 42. Bd2 Kf8 43. h5 Ke7 44. g4 f6 45. h6 Kd7 46. Kg3 Ra3 47. g5 fxg5 48. Bxg5 Rd3 49. Rd2 Ra3 50. Kg4 Ra4 51. Rb2 c6 52. dxc6+ Kxc6 53. Kf5 Ra7 54. b5+ Kb7 55. b6 Ra3 56. Rb3 Rxa2 57.
Ke6 Ra8 58. Kd7 Rb8 59. Bd8 Rc8 60. Bc7 Nxc7 61. bxc7+ 1-0

[Event "Early-Titled-Tuesday-Blitz-April-02-2024"]
[Site "Chess.com"]
[Date "2024.04.02"]
[Round "7"]
[White "BestestBP"]
[Black "KetiTsatsalashvili"]
[Result "1/2-1/2"]
[WhiteElo "2207"]
[BlackElo "2417"]
[TimeControl "180+1"]
[EndTime "9:18:37 PDT"]
[Termination "Game drawn - insufficient material"]

1. c4 e6 2. d4 Nf6 3. Nf3 b6 4. g3 Bb7 5. Bg2 Bb4+ 6. Bd2 Be7 7. O-O O-O 8. Nc3 d5 9. Ne5 Nbd7 10. Qa4 Nxe5 11. dxe5 Ne4 12. Nxe4 dxe4 13. Rfd1 Qe8 14.
Qc2 Qc6 15. b4 b5 16. Rac1 Rfd8 17. cxb5 Qxc2 18. Rxc2 Bxb4 19. Rxc7 Bxd2 20. Rxb7 e3 21. f4 Rab8 22. Bc6 g5 23. fxg5 Rxb7 24. Bxb7 Kg7 25.
h4 Rd4 26. Kg2 Ra4 27. Rb1 Rxa2 28. Rb3 Ba5 29. Rxe3 Bb6 30. Re4 Rb2 31. Bc6 Rc2 32.
Kf3 a5 33. Rf4 Rc3+ 34. Kg2 Rc5 35. Be8 Rc7 36. h5 Re7 37. Bc6 Ra7 38. Ra4 Rc7 39.
Kf3 Rc8 40. Kg4 Rd8 41. h6+ Kg8 42. Be4 Rd4 43. Rxd4 Bxd4 44. Kf4 a4 45. Bc2 a3 46. Bb3 Kf8 47. Ke4 Bb6 48. Kd3 Ke7 49. Kc4 Kd7 50. Kd3 Kc7 51. Ke4 Bf2 52. g4 Be1 53. g6 fxg6 54. Bxe6 Bd2 55. Kd3 Bxh6 56. Kc2 Bg7 57. Kb3 Bxe5 58. Bg8 h5 59. gxh5 gxh5 60. Kxa3 h4 61.
Be6 Kb6 62. Kb4 Bd6+ 63. Kc4 Bc7 64. Bd7 Bd8 65. e4 Bc7 66. Kd5 h3 67. Bxh3 Kxb5 68.
e5 Bxe5 1/2-1/2

[Event "Early-Titled-Tuesday-Blitz-April-02-2024"]
[Site "Chess.com"]
[Date "2024.04.02"]
[Round "7"]
[White "Nemegejas"]
[Black "Robert_Chessmood"]
[Result "0-1"]
[WhiteElo "2821"]
[BlackElo "2979"]
[TimeControl "180+1"]
[EndTime "9:18:40 PDT"]
[Termination "Robert_Chessmood won by resignation"]

1. d4 d5 2. Nf3 Nf6 3. g3 Bf5 4. Bg2 e6 5. c4 c6 6. Nc3 Nbd7 7.
O-O Be7 8. Nd2 O-O 9. e4 dxe4 10. Ndxe4 Nxe4 11. Nxe4 Bxe4 12. Bxe4 Bg5 13. f4 Bf6 14. Be3 g6 15. Qe2 Bg7 16. Rad1 Nf6 17. Bf3 Qc7 18.
Kg2 Rfd8 19. g4 Rd7 20. h4 Rad8 21. h5 gxh5 22. gxh5 Kh8 23. Kh1 Qa5 24. Rg1 Qf5 25.
Rg5 Qh3+ 26. Kg1 Bh6 27. Bg2 Qh4 28. Rf1 Bxg5 29. fxg5 Ng4 30. Bf4 Rxd4 31. Be5+ Nxe5 32. Qxe5+ Kg8 33. h6 Kf8 34. Qg7+ Ke7 35. Qxf7+ Kd6 36.
Qf6 Kc5 37. Qe7+ Kb6 38. Qb4+ Kc7 39. Rf7+ R4d7 40. Qa5+ Kc8 41. Rf1 Qd4+ 42. Kh1 Qh4+ 43. Kg1 Rd1 44. Qe5 Rxf1+ 45. Bxf1 Qd4+ 46. Qxd4 Rxd4 47. Be2 Re4 48. Kf2 Re5 49. g6 Rf5+ 50. Ke3 hxg6 51.
Bg4 Rf8 52. Bxe6+ Kd8 53. h7 Rh8 54. Bg8 Ke7 55. Kf4 Kf6 56. c5 Kg7 57. Kg5 Rxh7 58. Bxh7 Kxh7 59. Kf6 Kh6 60. b4 g5 61. Kf5 Kh5 62. Ke6 g4 63. Kd7 g3 64. b5 g2 65.
bxc6 bxc6 66. Kxc6 g1=Q 67. a4 Qb1 0-1

[Event "Early-Titled-Tuesday-Blitz-April-02-2024"]
[Site "Chess.com"]
[Date "2024.04.02"]
[Round "7"]
[White "Aygehovit1992"]
[Black "Zakaryan_David"]
[Result "1-0"]
[WhiteElo "2848"]
[BlackElo "2661"]
[TimeControl "180+1"]
[EndTime "9:18:41 PDT"]
[Termination "Aygehovit1992 won by checkmate"]

1. e4 c5 2. Nf3 d6 3. Bb5+ Bd7 4. Bxd7+ Qxd7 5. O-O Nf6 6. Re1 e6 7. c3 Nc6 8. d4 cxd4 9. cxd4 d5 10. e5 Ne4 11. a3 Be7 12. Qd3 O-O 13. Nbd2 Nxd2 14. Bxd2 h6 15. h4 Rfc8 16. h5 a5 17. g4 a4 18. g5 hxg5 19. Bxg5 Na5 20. h6 Ra6 21. Kh2 Rb6 22. Rg1 Rb3 23. Qe2 g6 24. Bxe7 Qxe7 25. Ng5 Nc4 26. Rac1 Qf8 27. h7+ Kh8 28. Rg2 Rc6 29.
Rc3 Rxc3 30. bxc3 Rb6 31. Qg4 f5 32. exf6 Qxf6 33. f4 Ne3 34. Qf3 Nxg2 35. Kxg2 Rb2+ 36. Kg3 Qf5 37. Qe3 Rc2 38. Nxe6 Qe4 39. Qxe4 dxe4 40. d5 Rxc3+ 41. Kg4 e3 42. Kf3 Rxa3 43.
Ke2 Rb3 44. d6 Rb2+ 45. Kxe3 Rb6 46. Ng5 a3 47. Nf7+ Kg7 48. d7 a2 49. h8=Q+ Kxf7 50. d8=Q Rb3+ 51. Ke4 Rb4+ 52. Kd3 Rb3+ 53. Kc4 Rc3+ 54.
Kxc3 a1=Q+ 55. Kc4 Qa2+ 56. Kc5 Qa3+ 57. Kb6 Qe3+ 58.
Kxb7 Qb3+ 59. Kc8 Qc4+ 60. Qc7+ Qxc7+ 61. Kxc7 Ke6 62. Qe5+ Kf7 63. Kd6 g5 64. fxg5 Kg6 65.
Qf6+ Kh5 66. g6 Kg4 67. g7 Kh5 68. Qf7+ Kh6 69. Ke7 Kg5 70. g8=Q+ Kh4 71. Qfh7# 1-0

[Event "Early-Titled-Tuesday-Blitz-April-02-2024"]
[Site "Chess.com"]
[Date "2024.04.02"]
[Round "7"]
[White "Joachim100x"]
[Black "NikitaShnadrygin"]
[Result "0-1"]
[WhiteElo "2541"]
[BlackElo "2678"]
[TimeControl "180+1"]
[EndTime "9:18:41 PDT"]
[Termination "NikitaShnadrygin won by resignation"]

1. e4 c5 2. Nf3 e6 3. d4 cxd4 4. Nxd4 Nf6 5. Nc3 Nc6 6. Ndb5 Bb4 7.
a3 Bxc3+ 8. Nxc3 d5 9. exd5 exd5 10. Bd3 O-O 11. O-O Bg4 12. f3 Bh5 13. Bg5 Qb6+ 14. Kh1 Ne4 15. Nxe4 dxe4 16. Bxe4 Qxb2 17. Rb1 Qxa3 18.
Rxb7 Qa6 19. Rb1 Bg6 20. Qd6 Bxe4 21. fxe4 Rab8 22. Ra1 Qb5 23. Be3 a5 24. h3 Nb4 25.
Rac1 Nxc2 26. Bf4 Rbc8 27. Qd5 Rc5 28. Qd2 Qc6 29. Bd6 Rd8 30. e5 Rc3 31. Qf2 Qc4 32. Kg1 Re8 33. Rce1 Qe6 34. Re2 Rec8 35. Rd1 R3c6 36.
Rd3 h6 37. Rg3 Rc4 38. Kh2 Rc3 39. Rd2 Rxg3 40. Qxg3 Nb4 41. Rd4 Nc6 42. Rg4 g6 43.
h4 h5 44. Rg5 Kh7 45. Qf3 Ne7 46.
Bxe7 Qxe7 47. Qe4 Kg7 48. Qf4 Qe6 49. g4 hxg4 50. h5 Rc2+ 51. Kg3 Qb3+ 52. Kxg4 Rg2+ 53. Kh4 Rxg5 54. Qxg5 Qe6 55. h6+ Kh7 56. Kg3 Qf5 57. Kh4 Qxg5+ 58. Kxg5 a4 59. Kf6 a3 60. Kxf7 a2 61. e6 a1=Q 62. e7 Qf1+ 63. Ke6 Qe2+ 64. Kd7 Qd3+ 0-1

[Event "Early-Titled-Tuesday-Blitz-April-02-2024"]
[Site "Chess.com"]
[Date "2024.04.02"]
[Round "7"]
[White "sonicdravise"]
[Black "Tejas_Rama"]
[Result "1-0"]
[WhiteElo "2612"]
[BlackElo "2508"]
[TimeControl "180+1"]
[EndTime "9:18:41 PDT"]
[Termination "sonicdravise won by resignation"]

1. d4 Nf6 2. c4 e6 3. Nc3 Bb4 4. e3 O-O 5. Bd2 d5 6. Nf3 b6 7.
cxd5 exd5 8. Rc1 Be7 9. Bd3 Bb7 10. O-O c5 11. Ne5 Nc6 12. Ne2 Nxe5 13. dxe5 Ne4 14.
Be1 f6 15. f3 Ng5 16. h4 Nf7 17.
e6 Ne5 18. f4 Nxd3 19. Qxd3 f5 20. h5 Rf6 21. Bc3 d4 22. exd4 Qd5 23. Qg3 Rxe6 24. dxc5 Bxc5+ 25. Kh2 Qxg2+ 26. Qxg2 Bxg2 27. Rfe1 Bf3 28. Nd4 Rxe1 29. Rxe1 Bxd4 30. Bxd4 Bxh5 31. Re7 Bf7 32.
Be5 a6 33. Kg3 Re8 34. Ra7 a5 35. b3 Re6 36. Ra8+ Re8 37. Ra7 Re6 38. Rb7 g5 39.
Rb8+ Be8 40. Bc7 gxf4+ 41. Kxf4 Kf7 42. Bxb6 Re2 43. a4 Kg6 44. Bxa5 Re4+ 45. Kf3 Bf7 46. Bd2 h5 47. Rb6+ Kg7 48. Bc3+ Kh7 49. a5 Re6 50. Rb5 Kg6 51. b4 Rc6 52. Bd4 Bc4 53. Rb8 Bd5+ 54. Ke3 Re6+ 55. Kd3 f4 56. Rg8+ Kf5 57. Rf8+ Kg4 58. b5 Be4+ 59. Kc4 f3 60. a6 Re7 61. b6 Re6 62. b7 Bxb7 63. axb7 Rc6+ 64. Kd5 Rc7 1-0

[Event "Early-Titled-Tuesday-Blitz-April-02-2024"]
[Site "Chess.com"]
[Date "2024.04.02"]
[Round "7"]
[White "ATM622"]
[Black "Matrix3x3a"]
[Result "0-1"]
[WhiteElo "2503"]
[BlackElo "2604"]
[TimeControl "180+1"]
[EndTime "9:18:41 PDT"]
[Termination "Matrix3x3a won by checkmate"]

1. d4 Nf6 2. c4 e6 3. g3 d5 4. Bg2 Be7 5. Nf3 O-O 6. O-O dxc4 7. Ne5 Nc6 8. Bxc6 bxc6 9. Nxc6 Qe8 10. Nxe7+ Qxe7 11. Qc2 c5 12. b3 Rd8 13. dxc5 Qxc5 14.
Be3 Qh5 15. f3 cxb3 16. axb3 Bb7 17. Nc3 a5 18. Rad1 Nd5 19. Nxd5 Bxd5 20. Rd4 Rdc8 21. Qd3 Rab8 22. Rb1 Qh3 23. Rh4 Qf5 24. Qxf5 exf5 25. Ra4 Bxb3 26. Rxa5 g6 27. Bh6 Bc4 28. Re1 Rb2 29. Re5 Be6 30. h4 Rc6 31. Rd1 Rc8 32. Kf2 Re8 33. Rd6 Ra2 34. Ke3 Raa8 35. Kf2 Bc4 36.
Rxe8+ Rxe8 37. Rd2 Be6 38. h5 Rc8 39. hxg6 hxg6 40.
Rd6 Kh7 41. Bf4 Rc2 42. Be5 g5 43. f4 Kg6 44. Rd8 gxf4 45. gxf4 f6 46. Re8 Kf7 47. Rd8 fxe5 48. fxe5 Rc5 49. Ra8 Rxe5 50. Ra7+ Kf6 51. e3 Re4 52. Ra3 Ke5 53. Rc3 Bd5 54. Ra3 Rc4 55.
Rd3 Rc2+ 56. Kg3 Rg2+ 57. Kh3 Rg8 58. Rd4 Be4 59. Rb4 Bd5 60. Ra4 Rh8+ 61. Kg3 Rh7 62. Kf2 Rg7 63. Ke1 Rg2 64. Rb4 Ra2 65. Rd4 Be4 66.
Rc4 Kf6 67. Rd4 Kg5 68. Rd8 Kg4 69. Rg8+ Kf3 70. Kd1 Kxe3 71. Rg3+ Bf3+ 72. Ke1 Ra1# 0-1

[Event "Early-Titled-Tuesday-Blitz-April-02-2024"]
[Site "Chess.com"]
[Date "2024.04.02"]
[Round "7"]
[White "Yan_Dyomin2010"]
[Black "FGHSMN"]
[Result "1-0"]
[WhiteElo "2705"]
[BlackElo "2900"]
[TimeControl "180+1"]
[EndTime "9:18:42 PDT"]
[Termination "Yan_Dyomin2010 won on time"]

1. e4 e5 2. Nc3 Nc6 3. Bc4 Nf6 4. d3 h6 5. Nge2 Bc5 6. O-O O-O 7. a3 a6 8. Be3 d6 9. h3 Bxe3 10. fxe3 Be6 11. Nd5 Bxd5 12. exd5 Ne7 13. e4 Nd7 14. Ng3 g6 15. d4 exd4 16. Qxd4 Ne5 17. Rf2 Kg7 18.
Raf1 Ng8 19. Be2 Qg5 20. Kh2 h5 21. Bxh5 Nh6 22. Bd1 Rh8 23. Qc3 Rac8 24. Kg1 Kg8 25. Rf4 Rh7 26. Ne2 Qe7 27. Qg3 c6 28. dxc6 bxc6 29.
b3 Kh8 30. Nc1 c5 31. Nd3 c4 32. Nxe5 dxe5 33. R4f2 cxb3 34. Qxb3 Kg7 35. Be2 a5 36. a4 Rhh8 37. Bc4 Rhf8 38. Bd5 Rc7 39. c4 f6 40. Qb6 Rd7 41. c5 f5 42. c6 Rc7 43.
Rb1 Rfc8 44. Qxa5 f4 45. Qb4 Qf6 46. a5 g5 47. a6 g4 48. Rb3 gxh3 49. Rxh3 Ng4 50.
Rc2 Qd8 51. Qe1 Rb8 52. Qd1 Nf6 53. Qf3 Ra7 54. Rc1 Rxa6 55. c7 Qc8 56. Qc3 Rbb6 57.
Qxe5 Rd6 58. Qg5+ Kf8 59. Rf3 1-0

[Event "Early-Titled-Tuesday-Blitz-April-02-2024"]
[Site "Chess.com"]
[Date "2024.04.02"]
[Round "7"]
[White "Rurep26"]
[Black "SaiAgni_98"]
[Result "1-0"]
[WhiteElo "2729"]
[BlackElo "2524"]
[TimeControl "180+1"]
[EndTime "9:18:42 PDT"]
[Termination "Rurep26 won by resignation"]

1. d4 d5 2. Bf4 Nf6 3. e3 Bf5 4. c4 e6 5. Nc3 c6 6. Qb3 Qc8 7. Nf3 Nbd7 8. h3 Be7 9. Be2 h6 10. cxd5 exd5 11. Rc1 O-O 12. Nb5 Ne8 13. O-O Qd8 14.
Nc3 Qb6 15. Na4 Qxb3 16. axb3 Bd6 17. Bxd6 Nxd6 18. Nc5 Nxc5 19. dxc5 Ne4 20. Nd4 Bd7 21.
b4 a6 22. Nb3 Rae8 23. Bd3 f5 24.
Na5 Bc8 25. Rfe1 Re7 26. Nb3 g5 27. Nd4 Kg7 28. f3 Ng3 29. Kh2 Nh5 30. g4 fxg4 31. hxg4 Nf6 32. Bf5 Kg8 33. Bxc8 Rxc8 34. Nf5 Rh7 35.
Kg3 h5 36. gxh5 Nxh5+ 37. Kg4 Kh8 38. Rh1 Nf6+ 39. Kxg5 Rf8 40. Rxh7+ Nxh7+ 41. Kf4 Re8 42. Rh1 Kg8 43. Rg1+ Kh8 44. Rg7 Rb8 45. Rf7 Kg8 46. Nh6+ Kh8 47. Nf5 Nf8 48. Nd6 Ne6+ 49. Kg3 Rg8+ 50.
Kf2 Ng5 51. Rxb7 Nh3+ 52. Ke2 Rg2+ 53. Kd3 Nf2+ 54. Kd4 Nd1 55. e4 Rxb2 56. exd5 Rd2+ 57. Ke5 Rxd5+ 58. Ke6 Ne3 59. Rc7 Rd4 60. Rxc6 Rxb4 61.
Rb6 Rf4 62. c6 Nc4 63. Nxc4 Rxc4 64. Kd7 a5 65. c7 a4 66. Rc6 Rd4+ 67. Ke6 1-0

[Event "Early-Titled-Tuesday-Blitz-April-02-2024"]
[Site "Chess.com"]
[Date "2024.04.02"]
[Round "7"]
[White "Speed-O-Sonic"]
[Black "ladytitan"]
[Result "1-0"]
[WhiteElo "2444"]
[BlackElo "2250"]
[TimeControl "180+1"]
[EndTime "9:18:42 PDT"]
[Termination "Speed-O-Sonic won on time"]

1. e4 c6 2. d4 d5 3. exd5 cxd5 4.
Nf3 Nc6 5. Ne5 a6 6. Nxc6 bxc6 7. c4 Nf6 8. Be2 g6 9. O-O Bg7 10. Bf3 O-O 11. Nc3 a5 12. Bf4 Ba6 13. cxd5 Bxf1 14. dxc6 Ba6 15. c7 Qd7 16. Bxa8 Rxa8 17. Qf3 Rc8 18. Be5 Nh5 19. Bxg7 Nxg7 20. Nd5 Bb7 21. Nxe7+ Qxe7 22. Qxb7 Qxc7 23. Qxc7 Rxc7 24. d5 Nf5 25. g3 Kf8 26. Rb1 Rc5 27. b4 axb4 28. Rxb4 Rxd5 29. Ra4 Ke7 30. h4 Rd4 31. Ra7+ Kf6 32. a4 Nd6 33. a5 Ra4 34. Kg2 Ke6 35. Ra6 Kd5 36. h5 gxh5 37. Ra7 Kc6 38. Ra6+ Kc7 39. Ra7+ Kc6 40. Ra6+ Kc5 41. Ra8 Kb5 42. Rh8 Rxa5 43. Rxh7 Kc6 44.
Rh6 Kd7 45. Rf6 Ke7 46. Rf4 Rf5 47. Rb4 Kf6 48. Rb6 Rd5 49. Ra6 Kg5 50. Ra4 Nf5 51.
Kf3 Rd3+ 52. Ke2 Rd4 53. Ra5 Re4+ 54. Kf3 Re6 55. Kg2 f6 56. Rb5 Re5 57. Rb4 Ng7 58.
f4+ Kf5 59. fxe5 fxe5 60. Kf3 Ne6 61. Rb8 Nd4+ 62. Ke3 Nc2+ 63. Kd2 Nd4 64. Rg8 Nf3+ 65. Ke3 Nd4 66. Rh8 1-0

[Event "Early-Titled-Tuesday-Blitz-April-02-2024"]
[Site "Chess.com"]
[Date "2024.04.02"]
[Round "7"]
[White "romulocardoso"]
[Black "Boxerandchessplayer"]
[Result "0-1"]
[WhiteElo "2440"]
[BlackElo "2224"]
[TimeControl "180+1"]
[EndTime "9:18:45 PDT"]
[Termination "Boxerandchessplayer won by resignation"]

1. e4 e6 2. d4 d5 3. exd5 exd5 4. Nf3 Bd6 5. Bd3 Ne7 6. O-O Nbc6 7. h3 Be6 8. Re1 Qd7 9. Ne5 Nxe5 10. dxe5 Bc5 11.
Be3 Bxe3 12. Rxe3 O-O-O 13. c3 d4 14. cxd4 Qxd4 15. Nc3 Kb8 16. Qf3 Qb6 17. Na4 Qb4 18. Re4 Rd4 19. b3 Rhd8 20. Rxd4 Qxd4 21. Rd1 Qxe5 22.
Bxh7 Rxd1+ 23. Qxd1 g6 24. Qd8+ Nc8 25. Bg8 Qe1+ 26.
Kh2 Qxf2 27. Nc3 Qf4+ 28. Kh1 Qc1+ 29. Nd1 a6 30. h4 Ka7 31. Kh2 Nd6 32. Nf2 Qf4+ 33.
Kg1 Qc1+ 34. Kh2 Nf5 35. Qg5 Qxg5 36. hxg5 Ne7 37. Bh7 Kb6 38. Kg3 Kc5 39. Kf4 Nc6 40. Ne4+ Kb4 41. Bg8 b6 42. Nd2 Kc3 43. Ke3 Ne7 44.
Bh7 Nd5+ 45. Ke2 Nf4+ 46. Ke1 Nxg2+ 47. Ke2 Nf4+ 48. Ke3 Nd5+ 49. Ke2 Kb2 50. a4 Nc3+ 51. Kd3 Nd5 52. Bg8 Nb4+ 53. Kd4 Kc2 54. Ke3 Nc6 55. Ke2 Ne7 56. Bh7 Bxb3 57. Nxb3 Kxb3 58. Kd3 Kxa4 59. Kd4 Kb4 60. Ke5 a5 61. Kf6 Nd5+ 62. Kxf7 Nf4 63.
Bxg6 Nxg6 64. Kxg6 a4 65. Kf7 a3 66. g6 a2 67. g7 a1=Q 68. g8=Q Qa2+ 0-1